 Dungeon Crawl Stone Soup version 0.27-a0-223-ge082b6e869 (webtiles) character file.

Game seed: 15893788348226705772

4 iamserjio the Stinger (level 1, 7/15 HPs)
             Began as a Naga Venom Mage on Feb 1, 2021.
             Quit the game on level 3 of the Dungeon.
             The game lasted 00:01:19 (135 turns).

iamserjio the Stinger (Naga Venom Mage)              Turns: 135, Time: 00:01:20

Health: 7/15       AC:  1    Str: 10    XL:     1   Next: 60%
Magic:  0/3        EV: 10    Int: 15    God:
Gold:   24         SH:  0    Dex: 11    Spells: 3/4 levels left

rFire    . . .     SeeInvis +   (no weapon)
rCold    . . .     Faith    .   (no shield)
rNeg     . . .     Spirit   .   a - +0 robe
rPois    +         Reflect  .   (no helmet)
rElec    .         Harm     .   (no cloak)
rCorr    .         Rampage  .   (no gloves)
Will     .....                  (no barding)
Stlth    ++........             (no amulet)
HPRegen  0.05/turn              (no ring)
MPRegen  0.08/turn              (no ring)

@: very slightly contaminated, very slow
A: large, see invisible, deformed body, poison resistance, slowness 2, spit
poison 1, AC +0
a: Spit Poison


You were on level 3 of the Dungeon.
You visited 1 branch of the dungeon, and saw 4 of its levels.

You collected 24 gold pieces.

Inventory:

Missiles
 c - 7 poisoned darts
Armour
 a - a +0 robe (worn)


   Skills:
 - Level 1.5 Dodging
 - Level 3.0 Stealth
 - Level 2.0 Spellcasting
 * Level 1.4 Transmutations
 + Level 4.1 Poison Magic


You had 3 spell levels left.
You knew the following spells:

 Your Spells              Type           Power        Failure   Level
a - Sting                 Tmut/Pois      36%          7%          1

Your spell library contained the following spells:

 Spells                   Type           Power        Failure   Level
 Poisonous Vapours        Pois/Air       14%          14%         2
 Ignite Poison            Fire/Tmut/Pois 7%           30%         3
 Mephitic Cloud           Conj/Pois/Air  5%           36%         3
 Olgreb's Toxic Radiance  Pois           13%          38%         4


Dungeon Overview and Level Annotations

Branches:
Dungeon (4/15)
 Temple: D:4-7

Altars:

Annotations:
D:3 1 runed translucent door, bmj180's ghost, weakling DrCj


Innate Abilities, Weirdness & Mutations

You cannot wear boots.
Your serpentine skin is tough. (AC +0)
You have supernaturally acute eyesight. (SInv)
Armour fits poorly on your strangely shaped body.
Your system is resistant to poisons. (rPois)
You cover ground very slowly.
You can spit poison.


Message History

As you read the scroll labelled AMOIDY JAPN, it crumbles to dust.
It is a scroll of identify.
You don't have any unidentified items.
The adder bites you.
You miss the adder. The adder barely misses you.
Your magical contamination has completely faded away.
You hit the adder but do no damage. The adder bites you but does no damage.
The adder bites you.
You hit the adder but do no damage. The adder closely misses you.
You barely miss the adder. The adder closely misses you.
You barely miss the adder. The adder barely misses you.
Okay, then.
Casting: Sting (safe; 7% risk of failure)
Aiming: Sting (safe; 7% risk of failure)
Aim: an adder (52% to evade)
You miscast Sting.
You are very lightly contaminated with residual magic.
Nothing appears to happen.
The adder bites you. The adder closely misses you.
You closely miss the adder. The adder bites you.
You closely miss the adder. The adder closely misses you.

.#.# #++# #. ...# ...# #.
#..# ....# #.. ..###.....#
#... ..#.+......
#...########.#.#......
#............#........ .
#.........#..#.$.....# .# #
#....#.#.##.@S....####..... .
#.##.^......##....# .....##
#####.#.....#######....##⌠
#.....................##..
........#...............##...
........#...............#W.!♣
...#.#..#...............##...
.....#..#................##..
...# ...#..............#..##.


You could see an adder.

Vanquished Creatures
  A giant cockroach (D:3)
  A kobold (D:3)
  A bat (D:3)
  A frilled lizard (D:3)
4 creatures vanquished.

Notes
Turn   | Place    | Note
-------+----------+-------------------------------------------
     0 | D:1      | iamserjio the Naga Venom Mage began the quest for the Orb.
     0 | D:1      | Reached XP level 1. HP: 15/15 MP: 3/3
    12 | D:2      | You fall into a shaft and drop 1 floor!
    55 | D:3      | Found a runed translucent door.
    55 | D:3      | Noticed bmj180's ghost (weakling DrCj)
    60 | D:4      | Noticed an orc wizard
   135 | D:3      | Quit the game

Illustrated notes

Levels and vault maps discovered:
D:1:      minmay_arrival_floating_metal, layout_basic, supply_closet_lemuel,
          minmay_misc_feat_iff
D:2:      layout_basic, due_unseen_surprise
D:3:      layout_basic, hellmonk_ghost_happy_afterlife,
          kennysheep_generic_room_12
D:4:      layout_basic, bloody_makhleb, hex_medium, small_statue_intersection,
          lemuel_another_geyser

Action                   || total
-------------------------++-------
Melee: Unarmed           ||     7
 Cast: Sting             ||     9
  Use: Scroll            ||     1
Armor: Robe              ||     1
Dodge: Dodged            ||    12

Table legend: (Time is in decaauts)
 A = Elapsed time spent in this place.
 B = Non-inter-level travel time spent in this place.
 C = Inter-level travel time spent in this place.
 D = Time resting spent in this place.
 E = Time spent auto-exploring this place.
 F = Levels seen in this place.
 G = Mean time per level.
                   A        B        C        D        E       F      G
               +--------+--------+--------+--------+--------+-----+--------+
         Total |    174 |    174 |      0 |      0 |      0 |   4 |   43.5 |
       Dungeon |    174 |    174 |      0 |      0 |      0 |   4 |   43.5 |
               +--------+--------+--------+--------+--------+-----+--------+

Top non-repeatable levels by time:
     D:3: 158 daAuts
     D:1: 11 daAuts
     D:2: 3 daAuts
     D:4: 1 daAuts
